 Dungeon Crawl Stone Soup version 0.29.1-12-g30fa7ad0bf (webtiles) character file.

Game seed: 8430793765072291676

2562 xzight the Grappler (level 9, -17/85 HPs)
             Began as a Troll Fighter on Dec 27, 2022.
             Was a Believer of Okawaru.
             Demolished by a two-headed ogre
             ... wielding a +0 glaive
              (24 damage)
             ... in a bailey.
             The game lasted 00:11:21 (6010 turns).

xzight the Grappler (Troll Fighter)                 Turns: 6010, Time: 00:11:21

Health: -17/85     AC:  4    Str: 30    XL:     9   Next: 31%
Magic:  8/8        EV:  8    Int:  4    God:    Okawaru [**....]
Gold:   299        SH:  8    Dex:  9    Spells: 8/8 levels left

rFire   . . .      SeeInvis .     - Unarmed
rCold   . . .      Faith    .   b - +0 kite shield
rNeg    . . .      Spirit   .   a - +0 robe
rPois   .          Reflect  .   (helmet restricted)
rElec   .          Harm     .   (no cloak)
rCorr   .          Rampage  .   (gloves unavailable)
Will    .....                   (boots unavailable)
Stlth   +.........              (no amulet)
HPRegen 1.04/turn               (no ring)
MPRegen 0.11/turn               (no ring)

@: very slow
A: large, unfitting armour, claws 3, regeneration 1, shaggy fur 1, tough skin 1
a: Renounce Religion, Heroism


You were in a bailey.
You worshipped Okawaru.
Okawaru was pleased with you.
You visited 2 branches of the dungeon, and saw 8 of its levels.
You also visited: Bailey.

You collected 341 gold pieces.
You spent 42 gold pieces at shops.


Innate Abilities, Weirdness & Mutations

You are too large for most types of armour.
You have claws for hands.
Your natural rate of healing is unusually fast.
You are covered in fur. (AC +1)
You have tough skin. (AC +1)


   Skills:
 + Level 4.7 Fighting
 + Level 4.2 Throwing
 - Level 2.4 Dodging
 + Level 5.2 Shields
 * Level 9.5 Unarmed Combat
 - Level 0.8 Invocations


You had 8 spell levels left.
You didn't know any spells.
Your spell library contained the following spells:

 Spells                   Type           Power      Damage    Failure   Level
 Slow                     Hex            0%         N/A       77%         1
 Sting                    Tmut/Pois      0%         1d3       77%         1
 Blink                    Tloc           0%         N/A       88%         2
 Poisonous Vapours        Pois/Air       0%         N/A       88%         2
 Confusing Touch          Hex            0%         N/A       98%         3
 Conjure Flame            Conj/Fire      0%         6-21      98%         3
 Ignite Poison            Fire/Tmut/Pois 0%         N/A       98%         3
 Lesser Beckoning         Tloc           0%         N/A       98%         3
 Vampiric Draining        Necr           0%         2d6       98%         3
 Olgreb's Toxic Radiance  Pois           0%         N/A       100%        4
 Sticky Flame             Conj/Fire      0%         2d3       100%        4
 Manifold Assault         Tloc           0%         N/A       100%        5

Inventory:

Missiles
 m - 3 large rocks (quivered) {=f}
 s - a throwing net {=f}
Armour
 a - a +0 robe (worn)
 b - a +0 kite shield (worn)
Jewellery
 M - a ring of magical power
Wands
 d - a wand of flame (21)
 x - a wand of polymorph (6)
Scrolls
 e - 2 scrolls of immolation {unknown}
 f - a scroll of silence {unknown}
 g - a scroll of blinking
 i - 7 scrolls of teleportation {@r2}
 j - a scroll of noise {unknown}
 l - a scroll of butterflies {unknown}
 p - 2 scrolls of fear {unknown}
 t - 2 scrolls of enchant weapon {unknown}
 u - a scroll of amnesia {unknown}
 w - 4 scrolls of magic mapping {unknown}
 y - a scroll of identify {@r1}
 z - a scroll of vulnerability {unknown}
 A - a scroll of enchant armour {unknown}
Potions
 c - 3 potions of might
 h - a potion of haste {unknown}
 k - 2 potions of invisibility
 n - 2 potions of brilliance
 o - 2 potions of attraction
 q - 2 potions of mutation
 r - 3 potions of curing {@q1}
 v - 2 potions of flight {unknown}

Dungeon Overview and Level Annotations

Branches:
Dungeon (7/15)             Temple (1/1) D:4          Bailey (1/1)

Altars:
Ashenzari
Cheibriados
Dithmenos
Elyvilon
Gozag
Kikubaaqudgha
Makhleb
Nemelex Xobeh
Okawaru
Qazlal
Ru
Sif Muna
Trog
Vehumet
Wu Jian
Xom
Yredelemnul
Zin
The Shining One

Shops:
D:4 !

Annotations:
D:6 1 runed translucent door, Crazy Yiuf

#######
###.....###
##.........##
##...........##
#....∩...∩....#
##...........##
##...).....##
###~~~@~###
#(~~~~#
▒▒(O~~~▒▒
▒▒.......▒▒
▒▒.........▒
▒▒..▒▒▒▒▒▒▒.)▒
▒▒..#▒ ▒▒..▒
▒▒..▒▒ ♣..▒
▒..▒▒ ♣..▒


You could see a two-headed ogre.


Message History

Press: ? - help, Q - select action, (/) - cycle Shift-Dir - straight line, f - acid dragon
Aim: an acid dragon (wandering, hasn't noticed you, 64% to hit)
You throw a large rock {=f}.
The large rock {=f} barely misses the acid dragon.
You hear a splash.
The acid dragon roars!
The acid dragon spits acid at you. The splash of acid misses you.
Throw: 5 large rocks {=f}
Press: ? - help, Q - select action, (/) - cycle Shift-Dir - straight line, f/p - acid dragon
Aim: an acid dragon (catching its breath, 64% to hit)
You throw a large rock {=f}.
The large rock {=f} hits the acid dragon!!
You kill the acid dragon!
Okawaru accepts your kill.
You hear a splash.
The acid dragon scales are intact enough to wear.
You hear a splash.
You feel like a meek peon again.
Throw: 4 large rocks {=f}
Press: ? - help, Q - select action, (/) - cycle Shift-Dir - straight line, f - two-headed ogre
Aim: a two-headed ogre, wielding a +0 glaive and a +0 halberd (74% to hit)
You throw a large rock {=f}.
The large rock {=f} hits the two-headed ogre!
The two-headed ogre is moderately wounded.
You enter the shallow water.
Moving in this stuff is going to be slow.
The two-headed ogre hits you from afar with a +0 glaive!!
* * * LOW HITPOINT WARNING * * *
The two-headed ogre hits you from afar with a +0 halberd!!
You die...

Skill      XL: |  1  2  3  4  5  6  7  8  9 |
---------------+----------------------------+-----
Shields        | 3 4 5 |  5.2
Throwing       | 1 2 3 4 |  4.2
Unarmed Combat | 3 4 5 8 9 |  9.5
Fighting       | 3 4 |  4.7
Dodging        | |  2.4
Invocations    | |  0.8

Action                   |  1- 3 |  4- 6 |  7- 9 || total
-------------------------+-------+-------+-------++-------
Melee: Unarmed           |    96 |   147 |   168 ||   411
Throw: Large rock        |       |     5 |    12 ||    17
Invok: Heroism           |       |       |     6 ||     6
  Use: Scroll            |       |     4 |     4 ||     8
 Stab: Sleeping          |       |     1 |       ||     1
Armor: Robe              |    24 |    24 |    21 ||    69
Dodge: Dodged            |    33 |    47 |    40 ||   120
Block: Kite shield       |    26 |    41 |    48 ||   115

Levels and vault maps discovered:
D:1:      minmay_arrival_four_houses, layout_basic
D:2:      layout_rooms, hellmonk_ecumenical_altar_run_dry, uniq_robin,
          uniq_jessica
D:3:      layout_basic, lemuel_tele_altar, elyvilon_altar_1, kennysheep_potato
D:4:      layout_gridville, minmay_temple_entry_statues_pillars, serial_shops,
          nicolae_shop_behind_doors, minmay_misc_feat_hallway
D:5:      layout_gridville, amethyst_overflow_temple_binary,
          mainiacjoe_overflow_boulevard, overflow_temple_1_default
D:6:      layout_loops_ring, serial_demonic, serial_demonic_g, serial_demonic_b,
          serial_demonic_g, serial_demonic_b, grunt_decor_clamped,
          uniq_blork_the_orc, uniq_pikel, uniq_crazy_yiuf_cottage
D:7:      layout_loops_corners, nicolae_qazlal_eye_of_the_storm,
          old_standard_altar, enter_bailey_7
Temple:   nicolae_temple_godzebo
Bailey:   bailey_polearm_enchanted_keep_hellmonk, bailey

Notes
Turn   | Place    | Note
-------+----------+-------------------------------------------
     0 | D:1      | xzight the Troll Fighter began the quest for the Orb.
     0 | D:1      | Reached XP level 1. HP: 22/22 MP: 0/0
    73 | D:1      | Reached XP level 2. HP: 29/29 MP: 1/1
   512 | D:1      | Reached skill level 3 in Shields
   512 | D:1      | Reached XP level 3. HP: 36/36 MP: 2/2
   862 | D:2      | Noticed Robin
   894 | D:2      | Reached skill level 1 in Throwing
   977 | D:2      | Found a faded altar of an unknown god.
  1019 | D:2      | Reached skill level 3 in Unarmed Combat
  1081 | D:2      | Noticed Jessica
  1089 | D:2      | Killed Jessica
  1090 | D:2      | Reached XP level 4. HP: 29/44 MP: 3/3
  1100 | D:1      | Killed Robin
  1326 | D:3      | Found a white marble altar of Elyvilon.
  1781 | D:3      | Reached skill level 3 in Fighting
  1781 | D:3      | Reached XP level 5. HP: 52/53 MP: 4/4
  2062 | D:3      | Noticed a centaur
  2067 | D:3      | Killed a centaur
  2068 | D:3      | Reached skill level 2 in Throwing
  2068 | D:3      | Reached skill level 4 in Unarmed Combat
  2131 | D:3      | Found a sacrificial altar of Ru.
  2567 | D:4      | Reached XP level 6. HP: 49/61 MP: 5/5
  2793 | D:4      | Found a staircase to the Ecumenical Temple.
  2807 | Temple   | Entered the Ecumenical Temple
  3118 | D:4      | Found Fang's Distillery.
  3123 | D:4      | Bought a potion of curing for 42 gold pieces
  3589 | D:5      | Entered Level 5 of the Dungeon
  3600 | D:5      | Found an iron altar of Okawaru.
  3609 | D:5      | Became a worshipper of Warmaster Okawaru
  3695 | D:5      | Found a snail-covered altar of Cheibriados.
  3712 | D:5      | Reached skill level 4 in Shields
  3986 | D:5      | Reached skill level 5 in Unarmed Combat
  3986 | D:5      | Reached XP level 7. HP: 26/67 MP: 6/6
  4516 | D:5      | Reached * piety under Okawaru
  4520 | D:5      | Found a shimmering blue altar of Sif Muna.
  4520 | D:5      | Found a shimmering altar of Xom.
  4685 | D:6      | Noticed Blork the orc
  4687 | D:6      | Killed Blork the orc
  4688 | D:6      | Reached skill level 6 in Unarmed Combat
  4728 | D:6      | Reached skill level 7 in Unarmed Combat
  4754 | D:6      | Noticed Pikel
  4767 | D:6      | Killed Pikel
  4767 | D:6      | Reached ** piety under Okawaru
  4768 | D:6      | Reached skill level 8 in Unarmed Combat
  4768 | D:6      | Reached skill level 3 in Throwing
  4768 | D:6      | Reached XP level 8. HP: 60/78 MP: 4/7
  4775 | D:6      | Reached skill level 4 in Fighting
  5220 | D:6      | Reached skill level 9 in Unarmed Combat
  5258 | D:6      | Found a runed translucent door.
  5259 | D:6      | Noticed Crazy Yiuf
  5663 | D:7      | Reached XP level 9. HP: 85/85 MP: 8/8
  5667 | D:7      | Found a stormy altar of Qazlal.
  5851 | D:7      | Found a flagged portal.
  5871 | Bailey   | Entered a bailey
  5905 | Bailey   | Reached skill level 5 in Shields
  5916 | Bailey   | Reached skill level 4 in Throwing
  5991 | Bailey   | Noticed a two-headed ogre
  5992 | Bailey   | HP: 7/85 [two-headed ogre/+0 glaive (19)]
  6010 | Bailey   | HP: 7/85 [two-headed ogre/+0 glaive (22)]
  6010 | Bailey   | Demolished by a two-headed ogre

Vanquished Creatures
  Pikel (D:6)
  2 spriggans (Bailey)
  A steam dragon (D:6)
  A water moccasin (D:7)
  An acid dragon (Bailey)
  A sky beast (D:6)
  2 ogres
  A lemure (D:6)
  A centaur (D:3)
  Blork the orc (D:6)
  A kobold brigand (D:6)
  A necrophage (D:4)
  A bullfrog (D:6)
  3 scorpions
  A howler monkey (D:5)
  A quasit (D:6)
  3 hounds
  3 orc priests
  A gnoll bouda (D:5)
  Jessica (D:2)
  5 orc wizards
  2 iguanas (D:6)
  Robin (D:1)
  5 gnolls
  5 adders
  A shadow imp (D:6)
  2 white imps (D:6)
  4 dart slugs (D:1)
  8 orcs
  2 endoplasms
  22 goblins
  10 hobgoblins
  3 jackals (D:4)
  2 quokkas
  7 ball pythons
  4 bats
  4 frilled lizards
  10 kobolds
  6 rats
131 creatures vanquished.

Vanquished Creatures (others)
  A demonic plant (D:6)
  A fungus (D:6)
  2 plants (D:5)
4 creatures vanquished.

Grand Total: 135 creatures vanquished

Table legend: (Time is in decaauts)
 A = Elapsed time spent in this place.
 B = Non-inter-level travel time spent in this place.
 C = Inter-level travel time spent in this place.
 D = Time resting spent in this place.
 E = Time spent auto-exploring this place.
 F = Levels seen in this place.
 G = Mean time per level.
                   A        B        C        D        E       F      G
               +--------+--------+--------+--------+--------+-----+--------+
         Total |   6054 |   5679 |    375 |    245 |   4289 |   9 |  672.7 |
       Dungeon |   5794 |   5441 |    353 |    211 |   4161 |   7 |  827.7 |
        Temple |    114 |     92 |     22 |      0 |     82 |   1 |  114.0 |
        Bailey |    145 |    145 |      0 |     34 |     46 |   1 |  145.0 |
               +--------+--------+--------+--------+--------+-----+--------+

Top non-repeatable levels by time:
     D:3: 1269 daAuts
     D:5: 1048 daAuts
     D:4: 942 daAuts
     D:6: 932 daAuts
     D:1: 856 daAuts
     D:2: 484 daAuts
     D:7: 260 daAuts
  Bailey: 145 daAuts
  Temple: 114 daAuts

Table legend:
 A = Non-vault XP
 B = Vault XP
 C = Vault XP percentage of total XP
 D = Non-vault monster count
 E = Vault monster count
 F = Vault count percentage of total count
                 A         B        C        D         E       F
            +---------+---------+-------+---------+---------+-------
      Total |    1956 |    1704 |  46.6 |     103 |      27 |  20.8
            +---------+---------+-------+---------+---------+-------
        D:1 |      43 |      15 |  25.9 |      22 |       1 |   4.3
        D:2 |      22 |      57 |  72.2 |       7 |      11 |  61.1
        D:3 |     106 |     106 |  50.0 |      17 |       1 |   5.6
        D:4 |     160 |       0 |   0.0 |      16 |       0 |   0.0
        D:5 |     467 |       0 |   0.0 |      14 |       0 |   0.0
        D:6 |    1005 |     805 |  44.5 |      26 |       6 |  18.8
        D:7 |     153 |      21 |  12.1 |       1 |       4 |  80.0
     Bailey |       0 |     700 | 100.0 |       0 |       4 | 100.0
            +---------+---------+-------+---------+---------+-------
